 Dungeon Crawl Stone Soup version 0.28.0-53-g5a82cb258f (webtiles) character file.

Game seed: 5206524709277205701

21060 Ashen the Ogre Mage (level 12, -18/124 HPs)
             Began as an Ogre Ice Elementalist on June 29, 2022.
             Was a Priest of Vehumet.
             Demolished by a freezing wraith (22 damage)
             ... on level 14 of the Dungeon.
             The game lasted 01:03:46 (23043 turns).

Ashen the Ogre Mage (Ogre Ice Elementalist)        Turns: 23043, Time: 01:03:46

Health: -18/124    AC:  8    Str: 15    XL:     12   Next: 86%
Magic:  34/36      EV: 11    Int: 20    God:    Vehumet [***...]
Gold:   1813       SH:  0    Dex:  9    Spells: 18/33 levels left

rFire   . . .      SeeInvis .   x - +2 flail (protect)
rCold   . . .      Faith    .   (no shield)
rNeg    + . .      Spirit   .   a - +0 robe
rPois   .          Reflect  .   (helmet restricted)
rElec   .          Harm     .   b - +2 cloak {Stlth+}
rCorr   .          Rampage  .   (gloves unavailable)
Will    +....      Rage     1%  (boots unavailable)
Stlth   ++++......              Q - amulet of regeneration
HPRegen 1.10/turn               H - ring of magical power
MPRegen 0.25/turn               I - ring of positive energy

@: slowed, very slow
A: large, unfitting armour, tough skin 1, hooves 1, iridescent scales 1, berserk
1
a: Renounce Religion


You were on level 14 of the Dungeon.
You worshipped Vehumet.
Vehumet was most pleased with you.
You visited 3 branches of the dungeon, and saw 16 of its levels.

You collected 1813 gold pieces.

Inventory:

Hand Weapons
 c - a +1 giant spiked club
 d - a +0 short sword of venom
 e - a +0 quarterstaff of freezing
 h - a +0 triple crossbow
 p - a +2 dire flail of venom
 q - a +2 hand axe of electrocution
 t - a +3 scimitar of holy wrath
 x - a +2 flail of protection (weapon)
Missiles
 o - 17 poisoned darts (quivered)
Armour
 a - a +0 robe (worn)
 b - a +2 cloak of stealth (worn)
 f - a +1 robe of cold resistance
Jewellery
 A - a ring of ice
 E - an amulet of guardian spirit
 H - a ring of magical power (left hand)
 I - a ring of positive energy (right hand)
 N - a ring of resist corrosion
 O - a ring of poison resistance
 Q - an amulet of regeneration (around neck)
 R - an amulet of the acrobat
Wands
 r - a wand of polymorph (10)
 J - a wand of flame (17)
 L - a wand of paralysis (14)
 M - a wand of acid (5)
 P - a wand of digging (6)
Scrolls
 g - 2 scrolls of amnesia
 k - 2 scrolls of holy word {unknown}
 m - 2 scrolls of teleportation
 u - a scroll of noise
 v - a scroll of brand weapon {unknown}
 y - a scroll of immolation
 C - a scroll of enchant armour
 D - 2 scrolls of fog
 F - a scroll of torment
 S - a scroll of silence {unknown}
Potions
 i - 4 potions of attraction
 j - a potion of magic
 l - a potion of degeneration
 n - 3 potions of flight
 s - 5 potions of might
 z - 2 potions of haste
 B - 2 potions of curing
 G - 2 potions of resistance
 K - a potion of cancellation
 T - a potion of heal wounds {unknown}


   Skills:
 + Level 9.4 Fighting
 + Level 7.4 Maces & Flails
 + Level 7.5 Dodging
 - Level 5.0 Stealth
 * Level 11.1 Spellcasting
 + Level 7.5 Conjurations
 + Level 7.3 Ice Magic
 + Level 3.9 Air Magic


You had 18 spell levels left.
You knew the following spells:

 Your Spells              Type           Power      Damage    Failure   Level
a - Freeze                Ice            100%       1d11      1%          1
b - Frozen Ramparts       Ice            80%        1d10      1%          3
c - Ozocubu's Armour      Ice            40%        N/A       1%          3
d - Hailstorm             Conj/Ice       40%        3d10      1%          4
e - Airstrike             Air            13%        N/A       3%          4

Your spell library contained the following spells:

 Spells                   Type           Power      Damage    Failure   Level
 Poisonous Vapours        Pois/Air       38%        N/A       1%          2
 Lightning Bolt           Conj/Air       17%        1d31      4%          5
 Apportation              Tloc           22%        N/A       6%          1
 Summon Guardian Golem    Hex/Summ       11%        N/A       19%         3
 Summon Lightning Spire   Summ/Air       19%        N/A       26%         4
 Orb of Destruction       Conj           20%        9d8       50%         7
 Animate Dead             Necr           5%         N/A       52%         4
 Alistair's Intoxication  Tmut/Pois      7%         N/A       86%         5
 Spellforged Servitor     Conj/Summ      13%        N/A       93%         7
 Haunt                    Necr/Summ      5%         N/A       100%        7
 Infestation              Necr           5%         N/A       100%        8


Dungeon Overview and Level Annotations

Branches:
Dungeon (14/15)            Temple (1/1) D:4            Lair (0/6) D:8
    Orc (1/2) D:9
 Vaults: D:13-14

Altars:
Ashenzari
Cheibriados
Dithmenos
Elyvilon
Fedhas
Gozag
Hepliaklqana
Kikubaaqudgha
Makhleb
Nemelex Xobeh
Okawaru
Qazlal
Ru
Sif Muna
Trog
Uskayaw
Vehumet
Wu Jian
Xom
Yredelemnul
Zin
The Shining One

Shops:
Orc:1 [

Portals:
Ice
Cave: D:14

Annotations:
D:2 Sigmund
D:5 2 runed translucent doors, Grinder; Weresquid's ghost, amateur GrGl
D:6 Maggie
D:9 Erolcha
D:10 Erica


Innate Abilities, Weirdness & Mutations

You are too large for most types of armour.
You have tough skin. (AC +1)
You have large cloven feet.
You are partially covered in iridescent scales. (AC +2)
You tend to lose your temper in combat.


Message History

The freezing wraith freezes you!
* * * LOW HITPOINT WARNING * * *
The freezing wraith hits you but does no damage.
Your icy armour will break if you move.
Continue?
You swap places.
Your icy armour cracks and falls away as you move.
The freezing wraith hits your howler monkey!
The freezing wraith freezes your howler monkey!!
Your howler monkey dies!
Your howler monkey's corpse dissolves into shadows!
Your boulder beetle leaps!
The freezing wraith hits your howler monkey.
The freezing wraith freezes your howler monkey!!
Your howler monkey dies!
Your howler monkey's corpse dissolves into shadows!
The freezing wraith hits your wraith but does no damage.
The freezing wraith completely misses your wraith.
The freezing wraith misses your wraith.
The freezing wraith barely misses your wraith.
Your wraith hits the freezing wraith. The freezing wraith hits your wraith!
The freezing wraith freezes your wraith!
Your wraith resists.
The freezing wraith hits your wraith.
Your wraith hits the freezing wraith but does no damage.
You hear the faint crackling of a melting archway very nearby.
Something hits your wraith! Something freezes your wraith.
Your wraith resists.
Your wraith is destroyed!
Your wraith dissolves into shadows!
There is a stone staircase leading up here.
The freezing wraith hits you! The freezing wraith freezes you!!
* * * LOW HITPOINT WARNING * * *
The freezing wraith hits you!
* * * LOW HITPOINT WARNING * * *
The freezing wraith drains your vigour!
You feel as though you will be slow longer.
The freezing wraith hits you!
* * * LOW HITPOINT WARNING * * *
The freezing wraith freezes you!!
You die...

#. #.### ....#
#.#.# #.#.#
#.#.#
##...######..
#...@........
##.#W.†####..
#.#W#....#..
#.#.#......
###.#B.....##
#.....##....##
##.#.#.##......
#[.......##....
#..######.# ...


You could see 2 freezing wraiths and a friendly boulder beetle (summoned).

Vanquished Creatures
  A hydra (D:11)
  Fannar (D:10)
  A centaur warrior (D:13)
  4 two-headed ogres
  3 cyclopes
  A manticore (D:14)
  2 ugly things (D:13)
  Maurice (D:12)
  3 gargoyles
  A kobold demonologist (D:12)
  A cane toad (D:4)
  A komodo dragon (D:13)
  An efreet (D:13)
  A freezing wraith (D:14)
  3 trolls
  Prince Ribbit (D:4)
  2 wraiths
  24 yaks
  A wyvern (D:8)
  Eustachio (D:4)
  A basilisk (D:7)
  13 vampire mosquitoes
  A steam dragon (D:9)
  Menkaure (D:7)
  Edmund (D:5)
  2 wargs
  11 orc warriors
  An ice beast (D:7)
  A tengu (D:8)
  3 centaurs
  7 ogres
  A phantom (D:5)
  A kobold brigand (D:7)
  Blork the orc (D:4)
  A bullfrog (D:7)
  A scorpion (D:5)
  A gnoll sergeant (D:8)
  A killer bee (D:8)
  A water moccasin skeleton (D:6)
  17 wights
  A howler monkey (D:9)
  A hound (D:5)
  A bullfrog zombie (D:6)
  2 centaur zombies
  11 orc priests
  A jelly (D:5)
  Jessica (D:2)
  A scorpion zombie (D:3)
  Terence (D:2)
  2 iguanas
  Natasha (thrice) (D:4)
  16 orc wizards
  A hound skeleton (D:5)
  A hound zombie (D:5)
  4 gnolls (D:8)
  A howler monkey skeleton (D:6)
  8 adders
  2 shadow imps
  A white imp (D:6)
  An ufetubus (D:5)
  3 worms
  3 dart slugs
  36 orcs
  4 endoplasms
  3 giant cockroaches (D:3)
  8 hobgoblins
  2 quokkas (D:3)
  3 ball pythons (D:2)
  5 bats
  6 frilled lizards
  8 goblins
  10 kobolds
  3 rats
275 creatures vanquished.

Vanquished Creatures (collateral kills)
  3 vampire mosquitoes (D:10)
3 creatures vanquished.

Vanquished Creatures (others)
  An orc wizard (D:11)
  9 fungi (D:3)
  22 plants
32 creatures vanquished.

Grand Total: 310 creatures vanquished

Notes
Turn   | Place    | Note
-------+----------+-------------------------------------------
     0 | D:1      | Ashen the Ogre Ice Elementalist began the quest for the
                  | Orb.
     0 | D:1      | Reached XP level 1. HP: 16/16 MP: 3/3
   358 | D:1      | Reached XP level 2. HP: 25/26 MP: 2/5
   806 | D:1      | Found a faded altar of an unknown god.
   976 | D:2      | Reached skill level 1 in Fighting
   976 | D:2      | Reached skill level 3 in Spellcasting
   976 | D:2      | Reached XP level 3. HP: 33/33 MP: 3/7
  1031 | D:2      | Noticed Jessica
  1037 | D:2      | Killed Jessica
  1361 | D:2      | Reached XP level 4. HP: 41/41 MP: 6/8
  1524 | D:2      | Reached skill level 1 in Maces & Flails
  1612 | D:2      | Learned a level 3 spell: Frozen Ramparts
  1616 | D:2      | Learned a level 3 spell: Ozocubu's Armour
  2157 | D:2      | Noticed Terence
  2165 | D:2      | Killed Terence
  2682 | D:2      | Reached XP level 5. HP: 31/49 MP: 5/10
  2804 | D:2      | Noticed Sigmund
  3554 | D:3      | Reached skill level 4 in Spellcasting
  3845 | D:3      | Found a blossoming altar of Fedhas.
  3889 | D:3      | Found an ancient bone altar of Kikubaaqudgha.
  3925 | D:3      | Found a hazy altar of Hepliaklqana.
  3929 | D:3      | Found a broken altar of Ashenzari.
  4054 | D:4      | Noticed Blork the orc
  4062 | D:4      | Learned a level 4 spell: Hailstorm
  4108 | D:4      | Reached XP level 6. HP: 57/58 MP: 5/12
  4108 | D:4      | Noticed Natasha
  4109 | D:4      | Killed Blork the orc
  4117 | D:4      | Killed Natasha
  4141 | D:4      | Noticed Natasha
  4149 | D:4      | Killed Natasha
  4283 | D:4      | Noticed Eustachio
  4305 | D:4      | Killed Eustachio
  4306 | D:4      | Reached skill level 1 in Conjurations
  4306 | D:4      | Reached XP level 7. HP: 65/67 MP: 2/14
  4346 | D:4      | Noticed Natasha
  4352 | D:4      | Killed Natasha
  4466 | D:4      | Reached skill level 5 in Spellcasting
  4743 | D:4      | Found a staircase to the Ecumenical Temple.
  4842 | D:4      | Found a shadowy altar of Dithmenos.
  5056 | D:5      | Entered Level 5 of the Dungeon
  5088 | D:4      | Noticed a cane toad
  5088 | D:4      | an ice beast changed into a cane toad
  5098 | D:4      | Killed a cane toad
  5099 | D:4      | Reached XP level 8. HP: 6/78 MP: 4/16
  5451 | D:5      | Noticed Edmund
  5461 | Temple   | Entered the Ecumenical Temple
  6198 | D:5      | Noticed Prince Ribbit
  6227 | D:5      | Reached skill level 6 in Spellcasting
  6313 | D:4      | Killed Prince Ribbit
  6314 | D:4      | Reached skill level 5 in Ice Magic
  6719 | D:5      | Noticed Grinder
  6855 | D:5      | Found a large runed translucent door.
  6855 | D:5      | Found a large runed translucent door.
  6856 | D:5      | Noticed Weresquid's ghost (amateur GrGl)
  6916 | D:5      | Killed Edmund
  6917 | D:5      | Reached skill level 5 in Fighting
  7104 | D:5      | Reached XP level 9. HP: 88/88 MP: 14/18
  7170 | D:6      | Found a basalt altar of Yredelemnul.
  7202 | D:6      | Noticed Maggie
  7484 | D:6      | Found an ornate altar of the Wu Jian Council.
  7509 | D:6      | Found a shimmering blue altar of Sif Muna.
  8475 | D:7      | Found a radiant altar of Vehumet.
  8577 | D:7      | Became a worshipper of Vehumet
  8594 | D:7      | Reached skill level 5 in Dodging
  8910 | D:7      | Noticed Menkaure
  8920 | D:7      | Killed Menkaure
  9180 | D:7      | Identified a scroll of acquirement
  9180 | D:7      | Acquired 840 gold pieces
  9382 | D:8      | Noticed a skeletal warrior
  9382 | D:8      | Noticed a two-headed ogre
  9510 | D:7      | Reached skill level 5 in Maces & Flails
  9777 | D:7      | Reached skill level 5 in Stealth
  9777 | D:7      | Reached skill level 5 in Conjurations
 10187 | D:7      | Killed a two-headed ogre
 10188 | D:7      | Reached XP level 10. HP: 7/96 MP: 10/19
 11313 | D:7      | Reached skill level 7 in Spellcasting
 12346 | D:8      | Reached * piety under Vehumet
 12346 | D:8      | Offered knowledge of Magic Dart by Vehumet.
 12479 | D:8      | Found a sparkling altar of Nemelex Xobeh.
 12695 | D:8      | Found a staircase to the Lair.
 13068 | D:8      | Reached skill level 8 in Spellcasting
 13562 | D:9      | Noticed Erolcha
 13839 | D:9      | Gained mutation: You have large cloven feet. [potion of
                  | mutation]
 13839 | D:9      | Gained mutation: You tend to lose your temper in combat.
                  | [potion of mutation]
 13839 | D:9      | Gained mutation: You are partially covered in iridescent
                  | scales. (AC +2) [potion of mutation]
 13863 | D:9      | Found a staircase to the Orcish Mines.
 13978 | D:9      | Reached XP level 11. HP: 107/107 MP: 23/23
 14408 | D:10     | Entered Level 10 of the Dungeon
 14445 | D:10     | Learned a level 4 spell: Airstrike
 14492 | D:10     | Noticed Erica
 14760 | D:10     | Noticed Fannar
 15077 | D:10     | Killed Fannar
 15078 | D:10     | Reached skill level 1 in Air Magic
 15392 | D:10     | Reached ** piety under Vehumet
 15392 | D:10     | Offered knowledge of Scorch by Vehumet.
 15598 | Orc:1    | Entered Level 1 of the Orcish Mines
 15774 | Orc:1    | Reached skill level 9 in Spellcasting
 15883 | Orc:1    | Found Ore Dauczin's Armour Shoppe.
 16606 | Orc:1    | Noticed an orc warlord
 17101 | Orc:1    | Noticed an orc knight
 17621 | Orc:1    | HP: 4/110 [orc warrior/+0 dire flail (6)]
 18447 | D:10     | Noticed a two-headed ogre
 18479 | D:10     | Killed a two-headed ogre
 18843 | D:10     | You fall into a shaft and drop 3 floors!
 19267 | D:11     | Noticed a seven-headed hydra
 19495 | D:11     | Noticed a two-headed ogre
 19512 | D:11     | Killed a two-headed ogre
 19513 | D:11     | Reached XP level 12. HP: 93/120 MP: 25/25
 19531 | D:11     | Reached skill level 10 in Spellcasting
 19845 | D:11     | Killed a seven-headed hydra
 19845 | D:11     | Offered knowledge of Poisonous Vapours by Vehumet.
 20569 | D:12     | Noticed a two-headed ogre
 20605 | D:12     | Killed a two-headed ogre
 21073 | D:12     | Noticed Maurice
 21073 | D:12     | Noticed a boulder beetle
 21153 | D:12     | Reached *** piety under Vehumet
 21858 | D:12     | Killed Maurice
 22136 | D:13     | Noticed a centaur warrior
 22185 | D:13     | Killed a centaur warrior
 22499 | D:13     | Reached skill level 11 in Spellcasting
 23012 | D:14     | Found a frozen archway.
 23043 | D:14     | HP: 4/124 [freezing wraith (7)]
 23043 | D:14     | Demolished by a freezing wraith

Illustrated notes

Levels and vault maps discovered:
D:1:      mrwooster_arrival_statue_3, layout_loops_ring,
          hellmonk_ecumenical_altar_inner_sanctum, corexii_hall_statues_t
D:2:      layout_basic, uniq_sigmund, uniq_terence, uniq_jessica
D:3:      minmay_recursive_quarters, layout_basic,
          minmay_overflow_temple_star_quad, fedhas_altar_3, minivault_19,
          hangedman_decor_points
D:4:      layout_loops_ring, grunt_dithmenos_smoke,
          minmay_temple_entry_from_below_a, chequers_arboretum, uniq_natasha,
          uniq_blork_the_orc, uniq_eustachio
D:5:      layout_cave_pools, ebering_ghost_disaster_area, serial_bayou,
          serial_bayou_pond_c, serial_bayou_ford_a, serial_bayou_pond_e,
          serial_bayou_shore_a, uniq_edmund, uniq_prince_ribbit1, uniq_grinder
D:6:      layout_basic, nicolae_wu_jian_glorious_leap,
          mainiacjoe_overflow_large_starburst, hangedman_decor_clover_reticule,
          uniq_maggie
D:7:      layout_basic, mainiacjoe_overflow_six_doors_small, serial_curves,
          eino_curves_01, eino_curves_04, eino_curves_02, eino_curves_02,
          minmay_misc_feat_ornament, lightli_orcish_oven, uniq_menkaure
D:8:      minmay_s_stair_smasher, layout_gridville,
          nemelex_diamond_rough_becter, erik_lair_orcish_takeover
D:9:      layout_rooms, orc_0_dummy, uniq_erolcha
D:10:     layout_irregular_city, uniq_fannar, uniq_erica
D:11:     layout_rooms
D:12:     layout_small_grid, uniq_maurice
D:13:     layout_loops_ring, eino_tiny_chamber
D:14:     layout_rooms, skrybe_vaults_entry_preservation,
          portal_ice_cave_entry_frozen_things, kiku_gazebo_pond_becter,
          minmay_microvault
Temple:   minmay_temple_forest_path
Orc:1:    orc_temple, layout_caves, serial_shops, nicolae_diamond_shop

Skill      XL: |  1  2  3  4  5  6  7  8  9 10 11 12 |
---------------+-------------------------------------+-----
Dodging        | 2 3 4 5 6 7 |  7.5
Fighting       | 1 2 3 5 6 8 9 |  9.4
Spellcasting   | 3 4 5 6 8 9 11 | 11.1
Maces & Flails | 1 2 3 5 6 7 |  7.4
Ice Magic      | 4 5 6 7 |  7.3
Stealth        | 2 3 5 |  5.0
Conjurations   | 1 3 5 6 7 |  7.5
Air Magic      | 2 3 |  3.9

Action                   |  1- 3 |  4- 6 |  7- 9 | 10-12 || total
-------------------------+-------+-------+-------+-------++-------
Melee: Mace              |    13 |    81 |    21 |       ||   115
       Whip              |     1 |       |       |       ||     1
       Punch             |       |     2 |     1 |     1 ||     4
       Scimitar          |       |       |    13 |     7 ||    20
       Hand axe          |       |       |   121 |       ||   121
       Short sword       |       |       |    12 |   248 ||   260
       Giant spiked club |       |       |       |    77 ||    77
       Kick              |       |       |       |    91 ||    91
       Flail             |       |       |       |    94 ||    94
Throw: Boomerang         |       |       |       |     2 ||     2
       Dart              |       |       |       |     6 ||     6
 Cast: Freeze            |    30 |    62 |    86 |    67 ||   245
       Frozen Ramparts   |       |     4 |    20 |    50 ||    74
       Ozocubu's Armour  |       |     3 |    17 |    59 ||    79
       Hailstorm         |       |       |     2 |    26 ||    28
       Airstrike         |       |       |       |     8 ||     8
Evoke: Wand              |       |       |     1 |     2 ||     3
  Use: Potion            |       |       |     1 |     3 ||     4
       Scroll            |       |       |     1 |    22 ||    23
 Stab: Sleeping          |     2 |     4 |     4 |     6 ||    16
       Distracted        |       |       |     1 |       ||     1
Armor: Robe              |    16 |    39 |    93 |   265 ||   413
Dodge: Dodged            |    15 |    75 |   129 |   369 ||   588
